 Dungeon Crawl Stone Soup version 0.30-a0-534-gdc55766716 (webtiles) character file.

Game seed: 2887193048489311464

333 cforsyth the Ruffian (level 6, -4/51 HPs)
             Began as a Draconian Transmuter on Dec 25, 2022.
             Splashed by a jelly's acid (9 damage)
             ... on level 4 of the Dungeon.
             The game lasted 00:04:52 (3324 turns).

cforsyth the Ruffian (Draconian Transmuter)         Turns: 3324, Time: 00:04:52

Health: -4/51      AC: -2    Str: 15    XL:     6   Next: 27%
Magic:  10/10      EV: 12    Int: 13    God:
Gold:   162        SH:  0    Dex: 11    Spells: 10/11 levels left

rFire   . . .      SeeInvis .      - Unarmed
rCold   . . .      Faith    .    (no shield)
rNeg    . . .      Spirit   .    (body armour unavailable)
rPois   .          Reflect  .    (helmet currently unavailable)
rElec   .          Harm     .    c - scarf {+Inv}
rCorr   .          Rampage  .    (no gloves)
Will    .....                    (boots currently unavailable)
Stlth   +                        (no amulet)
HPRegen 0.28/turn                (no ring)
MPRegen 0.12/turn                (no ring)

@: appendages (expiring), corroded
A: horns 2, talons 2, AC +6, unfitting armour, cold-blooded
a: End Transformation, Evoke Invisibility


You were on level 4 of the Dungeon.
You had temporarily grown beastly horns and talons.
You visited 1 branch of the dungeon, and saw 4 of its levels.

You collected 162 gold pieces.

Inventory:

Armour
 c - a scarf of invisibility (worn)
Jewellery
 d - a ring of ice
 s - an amulet of the acrobat
Scrolls
 f - 3 scrolls of identify {unknown}
 g - 2 scrolls of teleportation {unknown}
 h - a scroll of fear {unknown}
 i - 2 scrolls of enchant weapon {unknown}
 k - a scroll of fog {unknown}
 l - a scroll of poison {unknown}
 n - a scroll of noise {unknown}
 o - 2 scrolls of immolation {unknown}
 p - a scroll of magic mapping {unknown}
 r - a scroll of blinking {unknown}
Potions
 a - a potion of lignification
 b - 3 potions of haste {unknown}
 e - 2 potions of flight {unknown}
 j - a potion of magic {unknown}
 m - a potion of heal wounds {unknown}
 q - 2 potions of curing {unknown}


   Skills:
 + Level 3.1 Fighting
 - Level 3.0 Dodging
 + Level 4.2 Unarmed Combat
 + Level 3.2 Spellcasting
 + Level 3.4 Transmutations


You had 10 spell levels left.
You knew the following spells:

 Your Spells              Type           Power      Damage    Failure   Level
a - Beastly Appendage     Tmut           22%        N/A       5%          1

Your spell library contained the following spells:

 Spells                   Type           Power      Damage    Failure   Level
 Wereblood                Tmut           11%        N/A       9%          2
 Spider Form              Tmut/Pois      6%         N/A       32%         3
 Cigotuvi's Dreadful Rot  Necr/Pois/Air  4%         N/A       34%         2
 Ensorcelled Hibernation  Hex/Ice        4%         N/A       34%         2
 Poisonous Vapours        Pois/Air       4%         N/A       34%         2
 Mephitic Cloud           Conj/Pois/Air  2%         N/A       56%         3
 Portal Projectile        Hex/Tloc       4%         N/A       56%         3
 Tukima's Dance           Hex            2%         N/A       56%         3
 Ice Form                 Ice/Tmut       6%         N/A       73%         4
 Blade Hands              Tmut           5%         N/A       83%         5
 Anguish                  Hex/Necr       1%         N/A       92%         4


Dungeon Overview and Level Annotations

Branches:
Dungeon (4/15)
 Temple: D:4-7

Altars:

Annotations:
D:4 Dowan, Duvessa


Innate Abilities, Weirdness & Mutations

You have temporarily grown beastly horns and talons.
Your plain brown scales are hard. (AC +6)
You cannot fit into any form of body armour.
You are cold-blooded and may be slowed by cold attacks.


Message History

No target in view!
Your transformation is almost over.
Your horns disappear.
Your talons disappear.
A goblin comes into view. It is wielding a +0 club.
A goblin is nearby!
A goblin is nearby!
A goblin is nearby!
You grow a pair of large bovine horns.
Your feet morph into talons.
No target in view!
No target in view!
No target in view!
No target in view!
No target in view!
A goblin is nearby!
You hit the goblin. You claw the goblin.
You kill the goblin!
No target in view!
Your transformation is almost over.
A jelly comes into view.
A jelly is nearby!
A jelly is nearby!
Dowan, Brother of Duvessa comes into view.
He is wielding a +4 dagger of venom and carrying a wand of polymorph (10).
Dowan shouts!
The jelly hits you.
You are splashed with acid!
Dowan moves out of view.
Duvessa, Sister of Dowan comes into view.
She is wielding a +2 rapier of holy wrath.
Duvessa shouts!
You punch the jelly! The acid corrodes you!
Your hands burn!
The jelly is heavily wounded.
The jelly hits you.
You are splashed with acid!
You hit the jelly but do no damage.
Your hands burn!
You claw the jelly.
The jelly is severely wounded.
The jelly hits you. The acid corrodes you!
You are splashed with acid!
* * * LOW HITPOINT WARNING * * *
You hit the jelly but do no damage.
Your hands burn!
* * * LOW HITPOINT WARNING * * *
The jelly is severely wounded.
The jelly hits you.
* * * LOW HITPOINT WARNING * * *
You are splashed with acid!
You die...

##### ##...##
#####.....#
##.........#
######...##.....#
####.......#.##)..##
...................#
####.###.###.###@#.#
#.# ##...## #J# #.#
##### #.# #.# #.#
... #.# #.# #.# #.#
..e .#e


You could see Duvessa, Dowan and a jelly.

Vanquished Creatures
  A scorpion (D:4)
  A hound (D:4)
  Natasha (thrice) (D:2)
  8 adders
  An ufetubus (D:4)
  3 worms
  5 orcs
  12 endoplasms
  4 giant cockroaches
  6 goblins
  7 hobgoblins
  6 jackals
  8 kobolds
  3 quokkas
  12 ball pythons
  4 bats
  9 frilled lizards
  7 rats
100 creatures vanquished.

Notes
Turn   | Place    | Note
-------+----------+-------------------------------------------
     0 | D:1      | cforsyth the Draconian Transmuter began the quest for the
                  | Orb.
     0 | D:1      | Reached XP level 1. HP: 16/16 MP: 3/3
   182 | D:1      | Reached XP level 2. HP: 22/23 MP: 3/5
   540 | D:1      | Reached XP level 3. HP: 29/29 MP: 4/6
   702 | D:2      | Noticed Natasha
   712 | D:2      | Killed Natasha
   746 | D:2      | You fall into a shaft and drop 2 floors!
   997 | D:2      | Reached XP level 4. HP: 36/36 MP: 5/7
   998 | D:2      | Noticed Natasha
  1006 | D:2      | Killed Natasha
  1368 | D:2      | Noticed Natasha
  1398 | D:2      | Killed Natasha
  1399 | D:2      | Reached XP level 5. HP: 41/42 MP: 7/9
  2515 | D:4      | Reached skill level 4 in Unarmed Combat
  2653 | D:4      | Reached XP level 6. HP: 43/50 MP: 8/10
  3321 | D:4      | Noticed Dowan
  3322 | D:4      | Noticed Duvessa
  3324 | D:4      | Splashed by a jelly's acid

Illustrated notes

Levels and vault maps discovered:
D:1:      amcnicky_arrival_abandoned_market, layout_rooms, st_stairs_7
D:2:      layout_basic, uniq_natasha
D:3:      layout_rooms
D:4:      layout_loops_ring, nicolae_overflow_two_pavilions, temple_fountains,
          serial_shops, shop, uniq_duvessa

Skill      XL: |  1  2  3  4  5  6 |
---------------+-------------------+-----
Dodging        | 2 3 |  3.0
Fighting       | 2 3 |  3.1
Transmutations | 3 |  3.4
Spellcasting   | 3 |  3.2
Unarmed Combat | 4 |  4.2

Action                   |  1- 3 |  4- 6 || total
-------------------------+-------+-------++-------
Melee: Unarmed           |   128 |   159 ||   287
       Kick              |    26 |    30 ||    56
       Headbutt          |    16 |    14 ||    30
       Tailslap          |     5 |    22 ||    27
       Punch             |     1 |     3 ||     4
 Cast: Beastly Appendage |    32 |    35 ||    67
 Stab: Sleeping          |     1 |     1 ||     2
Armor: Skin              |    30 |    41 ||    71
Dodge: Dodged            |    96 |   108 ||   204

Table legend: (Time is in decaauts)
 A = Elapsed time spent in this place.
 B = Non-inter-level travel time spent in this place.
 C = Inter-level travel time spent in this place.
 D = Time resting spent in this place.
 E = Time spent auto-exploring this place.
 F = Levels seen in this place.
 G = Mean time per level.
                   A        B        C        D        E       F      G
               +--------+--------+--------+--------+--------+-----+--------+
         Total |   3309 |   3253 |     56 |    434 |   2199 |   4 |  827.2 |
       Dungeon |   3309 |   3253 |     56 |    434 |   2199 |   4 |  827.2 |
               +--------+--------+--------+--------+--------+-----+--------+

Top non-repeatable levels by time:
     D:2: 1147 daAuts
     D:4: 906 daAuts
     D:1: 668 daAuts
     D:3: 587 daAuts
